 Dungeon Crawl Stone Soup version 0.24-a0-458-gfcb5e6d (webtiles) character file.

Game seed: 5430666399450675970

4156 GandaPestile the Cleaver (level 10, 0/90 HPs)
             Began as a Minotaur Berserker on June 27, 2019.
             Was an Elder of Trog.
             Slain by a two-headed ogre
             ... wielding a +0 giant club
             ... summoned by the player character
              (12 damage)
             ... on level 9 of the Dungeon.
             The game lasted 00:22:51 (6803 turns).

GandaPestile the Cleaver (Minotaur Berserker)       Turns: 6803, Time: 00:22:52

Health: 0/90       AC: 15    Str: 30    XL:     10   Next: 7%
Magic:  10/10      EV: 12    Int:  4    God:    Trog [****..]
Gold:   489        SH:  0    Dex: 10    Spells: 9/9 levels left

rFire    . . .     SeeInvis .   b - +0 war axe (drain)
rCold    . . .     Gourm    .   (no shield)
rNeg     + . .     Faith    .   J - +1 chain mail
rPois    +         Spirit   .   (helmet restricted)
rElec    .         Reflect  +   l - +0 cloak
rCorr    .         Harm     .   k - +0 pair of gloves
MR       .....                  x - +0 pair of boots
Stlth    ..........             B - +3 amulet of reflection
HPRegen  0.25/turn              n - ring of positive energy
MPRegen  0.12/turn              s - +5 ring of strength

@: confused, berserk cooldown, slowed, lightly drained, very slow
A: retaliatory headbutt, horns 2, blink, high mp 1, poison resistance
a: Blink, Berserk, Trog's Hand, Brothers in Arms, Renounce Religion


You were on level 9 of the Dungeon.
You worshipped Trog.
Trog was greatly pleased with you.
You were not hungry.

You visited 1 branch of the dungeon, and saw 9 of its levels.

You collected 489 gold pieces.

Inventory:

Hand Weapons
 a - a +0 hand axe
 b - a +0 war axe of draining (weapon)
 q - a +0 war axe
Armour
 k - a +0 pair of gloves (worn)
 l - a +0 cloak (worn)
 x - a +0 pair of boots (worn)
 J - a +1 chain mail (worn)
Jewellery
 n - a ring of positive energy (left hand)
 s - a +5 ring of strength (right hand)
 B - a +3 amulet of reflection (around neck)
 F - a +2 ring of slaying {unknown}
 G - an uncursed ring of stealth {unknown}
Wands
 t - a wand of digging (5)
Scrolls
 f - a scroll of fog
 g - 3 scrolls of fear
 o - a scroll of magic mapping
 w - 2 scrolls of teleportation
Potions
 d - a potion of mutation
 h - 2 potions of cancellation
 m - a potion of curing
 r - 3 potions of resistance
 z - 4 potions of heal wounds
 A - 3 potions of haste
Comestibles
 c - 19 rations


   Skills:
 + Level 8.6(8.3) Fighting
 * Level 11.5(11.2) Axes
 + Level 8.0(7.7) Armour
 + Level 7.4(7.2) Dodging


You had 9 spell levels left.
You didn't know any spells.
Your spell library was empty.

Dungeon Overview and Level Annotations

Branches:
Dungeon (9/15)             Temple (0/1) D:6
   Lair: D:8-11         Orc: D:9-12

Altars:
Ashenzari
Cheibriados
Dithmenos
Fedhas
Qazlal
Uskayaw
Vehumet
Wu Jian
The Shining One


Innate Abilities, Weirdness & Mutations

You reflexively headbutt those who attack you in melee.
You have a pair of horns on your head.
You can translocate small distances at will.
You have an increased reservoir of magic. (+10% MP)
Your system is resistant to poisons. (rPois)


Message History

Something draws strength from your injuries!
You hear some strange, mumbled words.
You are confused.
Are you sure you want to stumble around while confused and next to your two-headed ogre? [Y]es or [N]o only, please.
Are you sure you want to stumble around while confused and next to your two-headed ogre?
Okay, then.
Something hits you but does no damage. Something bites you but does no damage.
Are you sure you want to stumble around while confused and next to your two-headed ogre? [Y]es or [N]o only, please.
Are you sure you want to stumble around while confused and next to your two-headed ogre?
You hit your two-headed ogre but do no damage.
Your headbutt misses the two-headed ogre.
You barely miss something.
The two-headed ogre hits you with a +0 giant club.
The two-headed ogre hits you with a +0 giant club!!
* * * LOW HITPOINT WARNING * * *
Something hits you but does no damage. Something bites you but does no damage.
The two-headed ogre hits you with a +0 giant club!
You die...

#+# #.#
#######.##
#........#
...####...##
#.###..O..#
#....#..@#####.#
#.##....{......#
####..#######
#).# #.#####.)#
#.....)))#
#######(## #.#
#.#


You could see a two-headed ogre (berserk).

Vanquished Creatures
  A two-headed ogre (D:8)
  A hornet (D:7)
  Sigmund (D:4)
  4 hogs (D:7)
  A human (D:7)
  Grum (D:9)
  A hungry ghost (D:8)
  The ghost of dolape the Gusty, an amateur CeAE of Vehumet (D:4)
  An orc warrior (D:9)
  An ice beast (D:8)
  3 sky beasts
  2 ogres
  A phantom (D:5)
  2 wolves (D:9)
  2 big kobolds
  A gnoll sergeant (D:8)
  A scorpion (D:7)
  A howler monkey (D:5)
  3 killer bees (D:5)
  2 crimson imps
  A centaur zombie (D:8)
  4 hounds
  An orc priest (D:8)
  A centaur skeleton (D:8)
  Terence (D:3)
  An orc wizard (D:9)
  5 worker ants
  A killer bee zombie (D:8)
  A worker ant zombie (D:6)
  7 gnolls
  10 adders
  A shadow imp (D:7)
  An ooze (D:2)
  2 worms
  4 dart slugs
  4 leopard geckos
  8 orcs
  3 giant cockroaches
  7 goblins
  10 hobgoblins
  9 jackals
  A quokka (D:8)
  A bat (D:2)
  7 frilled lizards
  17 kobolds
  11 rats
150 creatures vanquished.

Vanquished Creatures (collateral kills)
  5 gnolls (D:8)
5 creatures vanquished.

Grand Total: 155 creatures vanquished

Notes
Turn   | Place    | Note
-------+----------+-------------------------------------------
     0 | D:1      | GandaPestile the Minotaur Berserker began the quest for the
                  | Orb.
     0 | D:1      | Reached XP level 1. HP: 19/19 MP: 0/0
   381 | D:1      | Reached skill level 4 in Axes
   422 | D:1      | Reached XP level 2. HP: 27/27 MP: 1/1
  1106 | D:2      | Reached ** piety under Trog
  1139 | D:2      | Reached XP level 3. HP: 31/33 MP: 2/2
  1407 | D:2      | Reached XP level 4. HP: 39/40 MP: 3/3
  1493 | D:2      | Reached skill level 5 in Axes
  1641 | D:2      | Found a glowing golden altar of the Shining One.
  1798 | D:3      | Found a shattered altar of Ashenzari.
  2050 | D:3      | Noticed Terence
  2057 | D:3      | Killed Terence
  2057 | D:3      | Reached XP level 5. HP: 47/47 MP: 4/4
  2225 | D:3      | Found a stormy altar of Qazlal.
  2228 | D:3      | Found a radiant altar of Vehumet.
  2233 | D:3      | Found a shadowy altar of Dithmenos.
  2623 | D:4      | Gained mutation: You have an increased reservoir of magic.
                  | (+10% MP) [potion of mutation]
  2623 | D:4      | Gained mutation: You can translocate small distances at
                  | will. [potion of mutation]
  2623 | D:4      | Gained mutation: Your system is resistant to poisons.
                  | (rPois) [potion of mutation]
  2641 | D:4      | Noticed dolape's ghost (amateur CeAE)
  2660 | D:4      | Found a runed translucent door.
  2682 | D:4      | Killed dolape's ghost
  2682 | D:4      | Reached skill level 6 in Axes
  2682 | D:4      | Reached XP level 6. HP: 49/55 MP: 5/5
  2683 | D:4      | Noticed Sigmund
  2693 | D:4      | Killed Sigmund
  2693 | D:4      | Reached *** piety under Trog
  2693 | D:4      | Reached skill level 5 in Fighting
  3224 | D:5      | Entered Level 5 of the Dungeon
  3262 | D:5      | Reached XP level 7. HP: 61/61 MP: 6/6
  3316 | D:5      | Reached skill level 7 in Axes
  3617 | D:5      | Reached skill level 5 in Armour
  3815 | D:5      | Found an ornate altar of the Wu Jian Council.
  4175 | D:6      | Found a staircase to the Ecumenical Temple.
  4236 | D:6      | Reached skill level 8 in Axes
  4320 | D:6      | Reached XP level 8. HP: 63/70 MP: 7/7
  4322 | D:6      | Reached skill level 5 in Dodging
  4651 | D:5      | Found a hide-covered altar of Uskayaw.
  5329 | D:7      | Found a snail-covered altar of Cheibriados.
  5399 | D:7      | Noticed a hornet
  5402 | D:7      | Killed a hornet
  5402 | D:7      | Reached skill level 9 in Axes
  5433 | D:7      | Reached **** piety under Trog
  5433 | D:7      | Reached XP level 9. HP: 46/79 MP: 8/8
  5440 | D:7      | Reached skill level 10 in Axes
  5624 | D:8      | Noticed a two-headed ogre
  5633 | D:8      | Killed a two-headed ogre
  5908 | D:8      | Reached skill level 11 in Axes
  6671 | D:9      | Noticed Grum
  6690 | D:9      | Killed Grum
  6690 | D:9      | Reached XP level 10. HP: 87/90 MP: 10/10
  6723 | D:9      | Found a blossoming altar of Fedhas.
  6803 | D:9      | Slain by a two-headed ogre

Levels and vault maps discovered:
D:1:      dpeg_arrival_short_road, layout_loops_ring, serial_glass,
          glass_columns_b, glass_columns_a, due_unseen_surprise,
          item_on_display_a, minmay_strange_pillars, item_on_display_a
D:2:      layout_loops_cross, tso_oasis_becter, first_ration
D:3:      layout_basic, marbit_many_paths, minitemple, uniq_terence
D:4:      layout_rooms, hellmonk_ghost_happy_afterlife, uniq_sigmund
D:5:      layout_basic, kennysheep_little_box, nicolae_overflow_hidden_temple,
          minmay_liquid_box, hex_intersection
D:6:      layout_basic, minmay_temple_entry_gardened_gates
D:7:      layout_basic, kennysheep_mini_moat, grunt_livestock
D:8:      layout_loops_corners
D:9:      layout_loops_corners, fedhas_altar_2, gammafunk_temple_overflow_pools,
          lemuel_mausoleum_altar_yredelemnul, serial_shops,
          nicolae_shop_statue_plus, uniq_grum, uniq_joseph

Skill      XL: |  1  2  3  4  5  6  7  8  9 10 |
---------------+-------------------------------+-----
Axes           | 4 5 6 8 9 11 | 11.5
Fighting       | 4 5 6 7 8 |  8.6
Armour         | 3 4 5 6 7 8 |  8.0
Dodging        | 3 4 6 7 |  7.4

Action                   |  1- 3 |  4- 6 |  7- 9 | 10-12 || total
-------------------------+-------+-------+-------+-------++-------
Melee: Hand axe          |    71 |    69 |       |       ||   140
       Headbutt          |     9 |    22 |    29 |     8 ||    68
       War axe           |       |    27 |   174 |    27 ||   228
Invok: Berserk           |     1 |     2 |     1 |     1 ||     5
       Brothers in Arms  |       |       |     1 |     1 ||     2
  Use: Scroll            |       |     4 |    12 |       ||    16
       Potion            |       |     7 |     5 |       ||    12
  Eat: Ration            |     1 |       |     4 |       ||     5
       Chunk             |       |     6 |     2 |       ||     8
Armor: Animal skin       |    12 |    12 |       |       ||    24
       Ring mail         |       |       |    18 |       ||    18
       Chain mail        |       |       |    54 |    16 ||    70
Dodge: Dodged            |    43 |    62 |   116 |     9 ||   230
Block: Other             |       |       |    17 |     4 ||    21

Table legend:
 A = Non-vault XP
 B = Vault XP
 C = Vault XP percentage of total XP
 D = Non-vault monster count
 E = Vault monster count
 F = Vault count percentage of total count
                 A         B        C        D         E       F
            +---------+---------+-------+---------+---------+-------
      Total |    4089 |    1849 |  31.1 |     143 |      12 |   7.7
            +---------+---------+-------+---------+---------+-------
        D:1 |      28 |       0 |   0.0 |      17 |       0 |   0.0
        D:2 |      90 |       0 |   0.0 |      24 |       0 |   0.0
        D:3 |      48 |      38 |  44.2 |      18 |       2 |  10.0
        D:4 |      98 |     416 |  80.9 |       8 |       2 |  20.0
        D:5 |     523 |       0 |   0.0 |      15 |       0 |   0.0
        D:6 |     395 |       0 |   0.0 |      11 |       0 |   0.0
        D:7 |     655 |     979 |  59.9 |       6 |       5 |  45.5
        D:8 |    1913 |       0 |   0.0 |      30 |       0 |   0.0
        D:9 |     339 |     416 |  55.1 |      14 |       3 |  17.6
            +---------+---------+-------+---------+---------+-------
